 Dungeon Crawl Stone Soup version 0.22-a0-565-gfc6459a (webtiles) character file.

241 Darkshadow the Conjurer (level 6, -1/37 HPs)
             Began as a Gargoyle Conjurer on June 27, 2018.
             Slain by a rat (2 damage)
             ... in a sewer.
             The game lasted 00:18:06 (4602 turns).

Darkshadow the Conjurer (Gargoyle Conjurer)         Turns: 4602, Time: 00:18:07

Health: -1/37      AC: 10    Str: 10 (13) XL:     6   Next: 8%
Magic:  9/9        EV: 10    Int: 15 (16) God:
Gold:   92         SH:  0    Dex:  7 (10) Spells: 8/9 levels left

rFire    . . .     SeeInvis .   n - +0 mace
rCold    . . .     Gourm    .   (no shield)
rNeg     + . .     Faith    .   k - +0 ring mail
rPois    ∞         Spirit   .   (no helmet)
rElec    +         Reflect  .   (no cloak)
rCorr    .         Harm     .   (no gloves)
MR       .....                  (no boots)
Stlth    +.........             (no amulet)
HPRegen  0.12/turn              (no ring)
MPRegen  0.11/turn              (no ring)

@: no status effects
A: negative energy resistance 1, electricity resistance, unbreathing,
petrification resistance, rot immunity, AC +4
a: no special abilities


You were in a sewer.
You were not hungry.

You visited 1 branch of the dungeon, and saw 4 of its levels.
You also visited: Sewer.

You collected 92 gold pieces.

Inventory:

Hand Weapons
 g - a +0 whip
 n - a +0 mace (weapon)
Armour
 a - a +0 robe
 e - a +0 leather armour
 j - a +0 scale mail
 k - a +0 ring mail (worn)
Jewellery
 m - an uncursed ring of resist corrosion {unknown}
Scrolls
 d - a scroll of remove curse {@r2}
 f - a scroll of random uselessness {unknown}
 i - a scroll of teleportation
 l - 3 scrolls of fear
Potions
 b - 3 potions of degeneration
 h - a potion of might {unknown}
Comestibles
 c - a ration
 o - 2 chunks of flesh


   Skills:
 + Level 3.1 Fighting
 * Level 3.6 Maces & Flails
 + Level 2.9 Armour
 - Level 1.6 Dodging
 - Level 2.2 Stealth
 - Level 2.0 Spellcasting
 - Level 4.4 Conjurations


You had 8 spell levels left.
You knew the following spells:

 Your Spells              Type           Power        Failure   Level  Hunger
a - Magic Dart            Conj           ##..         9%          1    #......

Your spell library contained the following spells:

 Spells                   Type           Power        Failure   Level  Hunger
 Iskenderun's Mystic Bla  Conj           ##......     65%         4    #####..
 Fulminant Prism          Conj/Hex       #.........   91%         4    #####..
 Dazzling Spray           Conj/Hex       #.....       54%         3    ###....
 Force Lance              Conj/Tloc      #.......     91%         4    #####..
 Searing Ray              Conj           ##....       13%         2    ###....


Dungeon Overview and Level Annotations

Branches:
Dungeon (4/15)
 Temple: D:4-7

Altars:
Xom
The Shining One

Annotations:
D:2 edmund, Edmund


Innate Abilities, Weirdness & Mutations

You are resistant to torment.
Your stone body is resilient. (AC +4)
You are immune to poison.
You resist negative energy. (rN+)
You are resistant to electric shocks. (rElec)
You can survive without breathing.
You are immune to petrification.
You are immune to rotting.


Message History

You are too injured to fight recklessly!
You hit the river rat.
The river rat is lightly wounded.
The river rat barely misses you.
You barely miss the river rat.
The river rat is lightly wounded.
The river rat bites you but does no damage.
The river rat bites you.
* * * LOW HITPOINT WARNING * * *
The river rat bites you!
* * * LOW HITPOINT WARNING * * *
You barely miss the river rat. The river rat closely misses you. x2
You barely miss the river rat. The river rat completely misses you.
The river rat bites you.
* * * LOW HITPOINT WARNING * * *
You closely miss the river rat. The river rat misses you.
The river rat bites you but does no damage.
The river rat bites you but does no damage.
The rat bites you.
You die...

####################
##....≈≈≈≈≈≈≈≈≈≈≈≈≈≈≈
#.....≈≈≈≈≈≈≈≈≈.≈≈≈≈≈
#..∩.≈≈≈≈≈≈≈≈≈≈≈≈≈≈≈≈
#..∩.rr≈≈≈≈≈≈≈≈#≈≈≈≈≈
#..r@rr≈≈≈≈≈≈.≈≈≈≈≈≈≈
##.r.#≈≈≈≈≈≈≈≈≈≈≈≈≈≈≈
####################


You could see 3 river rats and 3 rats.

Vanquished Creatures
  A black bear (D:3)
  Terence (D:1)
  4 gnolls
  3 adders
  3 worms
  A dart slug (D:1)
  2 leopard geckos
  An orc (D:3)
  4 giant cockroaches
  5 goblins
  5 hobgoblins
  2 kobolds
  2 quokkas
  7 bats
  2 frilled lizards
  10 rats
53 creatures vanquished.

Notes
Turn   | Place    | Note
-------+----------+-------------------------------------------
     0 | D:1      | Darkshadow the Gargoyle Conjurer began the quest for the Orb.
     0 | D:1      | Reached XP level 1. HP: 10/10 MP: 3/3
   541 | D:1      | Reached skill level 1 in Fighting
   541 | D:1      | Reached XP level 2. HP: 16/16 MP: 3/5
   757 | D:1      | Reached skill level 1 in Armour
  1426 | D:2      | Reached XP level 3. HP: 20/20 MP: 3/6
  1898 | D:2      | Reached skill level 1 in Maces & Flails
  2204 | D:2      | Noticed Terence
  2254 | D:1      | Killed Terence
  2254 | D:1      | Reached XP level 4. HP: 26/26 MP: 3/7
  2498 | D:2      | Found a shimmering altar of Xom.
  3083 | D:3      | Found a glowing golden altar of the Shining One.
  3533 | D:3      | Reached XP level 5. HP: 23/31 MP: 3/8
  3765 | D:3      | Noticed a black bear
  3780 | D:3      | Killed a black bear
  3780 | D:3      | Reached XP level 6. HP: 5/37 MP: 0/9
  4187 | D:4      | Noticed Edmund
  4245 | D:3      | HP: 1/37 [Edmund/flail of protection (3)]
  4522 | D:4      | Found a glowing drain.
  4564 | Sewer    | Entered a sewer
  4600 | Sewer    | HP: 1/37 [river rat (3)]
  4602 | Sewer    | Slain by a rat

Vault maps used:
D:1:      minmay_arrival_glassed_features, minmay_misc_feat_plants
D:2:      lemuel_coloured_pillars_altar, uniq_terence
D:3:      serial_glass, glass_columns_c, glass_columns_a, glass_columns_a,
          glass_columns_a, serial_bayou_pond_a, tso_metal_star
D:4:      cheibrodos_sewer_entry_bend, uniq_menkaure, uniq_edmund
Sewer:    sewer_minmay_w

Skill      XL: |  1  2  3  4  5 |
---------------+----------------+-----
Fighting       | 1 2 3 |  3.1
Armour         | 1 2 |  2.9
Maces & Flails | 1 2 3 |  3.6
Dodging        | |  1.6
Stealth        | |  2.2
Spellcasting   | |  2.0
Conjurations   | |  4.4

Action                   |  1- 3 |  4- 6 || total
-------------------------+-------+-------++-------
Melee: Unarmed           |     1 |       ||     1
       Whip              |    61 |     8 ||    69
       Mace              |       |   104 ||   104
 Cast: Magic Dart        |    76 |    75 ||   151
  Use: Potion            |       |     5 ||     5
       Scroll            |       |     3 ||     3
 Stab: Invisible         |       |     1 ||     1
       Sleeping          |       |     1 ||     1
  Eat: Chunk             |     4 |     7 ||    11
       Ration            |       |     1 ||     1
Armor: Robe              |     3 |       ||     3
       Ring mail         |    22 |    73 ||    95
       Leather armour    |     8 |       ||     8
Dodge: Dodged            |    57 |    93 ||   150

Table legend:
 A = Spawn XP
 B = Non-spawn XP
 C = Spawn XP percentage of total XP
 D = Spawn monster count
 E = Non-spawn monster count
 F = Spawn count percentage of total count
 G = Total turns spent on level
                    A         B        C        D         E        F      G
               +---------+---------+-------+---------+---------+-------+---------
         Total |       0 |     345 |   0.0 |       0 |      53 |   0.0 |  4602
               +---------+---------+-------+---------+---------+-------+---------
           D:1 |       0 |      68 |   0.0 |       0 |      20 |   0.0 |  1766
           D:2 |       0 |      58 |   0.0 |       0 |      13 |   0.0 |  1334
           D:3 |       0 |     212 |   0.0 |       0 |      18 |   0.0 |  1339
           D:4 |       0 |       7 |   0.0 |       0 |       2 |   0.0 |   125
               +---------+---------+-------+---------+---------+-------+---------
